 Dungeon Crawl Stone Soup version 0.19.0-19-g8c6edcc (webtiles) character file.

49 Yakui the Sneak (level 3, 0/17 HPs)
             Began as a Vine Stalker Enchanter on Nov 14, 2016.
             Succumbed to an adder's poison
             ... on level 3 of the Dungeon.
             The game lasted 00:04:36 (1579 turns).

Yakui the Sneak (Vine Stalker Enchanter)            Turns: 1579, Time: 00:04:37

Health: 0/17       AC:  3    Str: 10    XL:     3   Next: 77%
Magic:  2/7        EV: 12    Int: 16    God:
Gold:   51         SH:  2    Dex: 14    Spells: 3 memorised, 1 level left

rFire  . . .     SeeInvis .     t - +2 dagger (flame)
rCold  + . .     Gourm    .     b - +1 robe
rNeg   . . .     Faith    .     (no shield)
rPois  .         Spirit   +     (no helmet)
rElec  .         Reflect  +     (no cloak)
rCorr  .         Harm     .     (no gloves)
MR     .....                    (no boots)
Stlth  +++.......               f - +2 amulet of reflection
                                a - ring of protection from cold
                                (no ring)

@: lethally poisoned (0 -> -8)
A: fangs 2, magic shield, antimagic bite, no device heal 3, rot immunity
a: no special abilities


You were on level 3 of the Dungeon.
You were not hungry.

You visited 1 branch of the dungeon, and saw 3 of its levels.

You collected 51 gold pieces.


Innate Abilities, Weirdness & Mutations

You have extremely sharp teeth.
When hurt, damage is shared between your health and your magic reserves.
Your bite disrupts and absorbs the magic of your enemies.
Potions and wands cannot restore your health.
You are immune to rotting.


   Skills:
 + Level 0.5 Fighting
 + Level 1.2 Short Blades
 + Level 1.8 Dodging
 + Level 4.0 Stealth
 + Level 1.1 Shields
 + Level 2.5 Spellcasting
 + Level 3.2 Hexes


You had one spell level left.
You knew the following spells:

 Your Spells              Type           Power        Failure   Level  Hunger
x - Confuse               Hex            ##......     17%         3    ###....
z - Ensorcelled Hibernat  Hex/Ice        #.....       17%         2    ##.....
Z - Corona                Hex            ##.....      8%          1    #......

Inventory:

Hand Weapons
 t - a +2 dagger of flaming (weapon)
Armour
 b - a +1 robe (worn)
 j - a +0 buckler
Jewellery
 a - a ring of protection from cold (right hand)
 f - a +2 amulet of reflection (around neck)
Scrolls
 l - a scroll of fog {unknown}
 m - 2 scrolls of random uselessness {unknown}
 n - a scroll of identify {unknown}
 p - 2 scrolls of fear {unknown}
 r - a scroll of recharging {unknown}
Potions
 e - a potion of haste {unknown}
 g - a potion of invisibility {unknown}
 i - a potion of heal wounds {unknown}
 q - a potion of flight
Books
 c - a book of Maledictions

   Spells                             Type                      Level
   a - Corona                         Hexes                        1
   b - Ensorcelled Hibernation        Hexes/Ice                    2
   c - Confuse                        Hexes                        3
   d - Tukima's Dance                 Hexes                        3
   e - Dazzling Spray                 Conjuration/Hexes            3
Comestibles
 d - 3 bread rations
 k - 2 chunks of flesh
 s - a royal jelly

Dungeon Overview and Level Annotations

Branches:
Dungeon (3/15)

Altars:
▒▒▒▒▒▒▒▒▒▒ ▒....Sfg.▒ ▒.▒▒▒▒▒▒.▒ ▒

You could see an adder and a hobgoblin.


Message History

The hobgoblin is heavily wounded!
The hobgoblin hits you with a club! * * * don't die
* * * You closely miss the hobgoblin!
You bite the hobgoblin, but do no damage!
The hobgoblin is heavily wounded!
The hobgoblin barely misses you!
You barely miss the hobgoblin!
The hobgoblin is heavily wounded!
You barely miss the hobgoblin! You bite the hobgoblin! You drain its power!
You feel invigorated!
The hobgoblin is severely wounded!
The hobgoblin hits you with a club! * * * don't die
* * *
Okay, then!
There is an escape hatch in the floor here!
The hobgoblin hits you but does no damage!
The adder misses you!
You slide downwards!
The hatch slams shut behind you!
You miss the adder! You bite the adder! You drain its power!
You feel invigorated!
The adder is heavily wounded!
The adder bites you!
You are lethally poisoned!!!
The adder poisons you!!!
The hobgoblin hits you with a club! * * * don't die
* * * You skewer the adder like a kebab!
You burn the adder! Your bite misses the adder!
The adder is severely wounded! rip

Action                   || total
-------------------------++-------
Melee: Dagger            ||   135
       Bite              ||    26
  Use: Potion            ||     3
 Stab: Sleeping          ||     4
  Eat: Chunk             ||     2
Armor: Robe              ||    26
Dodge: Dodged            ||    68
Block: Buckler           ||    11
       Other             ||     4

Vault maps used:
D:1:      wheals_arrival_shading
D:3:      minmay_misc_feat_pillars, hangedman_abyss_or_decor_lesser_grid,
          grunt_dithmenos_smoke_and_mirrors, uniq_terence

Notes
Turn   | Place    | Note
-------+----------+-------------------------------------------
     0 | D:1      | Yakui the Vine Stalker Enchanter began the quest for the Orb.
     0 | D:1      | Reached XP level 1. HP: 9/9 MP: 4/4
    81 | D:1      | Reached skill level 1 in Short Blades
   345 | D:1      | Reached XP level 2. HP: 11/14 MP: 3/6
   638 | D:1      | Learned a level 2 spell: Ensorcelled Hibernation
   798 | D:1      | Reached XP level 3. HP: 17/17 MP: 5/7
  1170 | D:2      | Learned a level 3 spell: Confuse
  1208 | D:2      | Reached skill level 1 in Shields
  1549 | D:2      | Reached skill level 4 in Stealth
  1578 | D:3      | HP: 1/17 [hobgoblin/club (1)]
  1579 | D:3      | Succumbed to an adder's poison

Vanquished Creatures
  3 dart slugs
  A worm (D:2)
  A leopard gecko (D:2)
  A ball python (D:1)
  2 giant cockroaches
  5 hobgoblins
  4 jackals (D:1)
  5 bats (D:1)
  A frilled lizard (D:1)
  8 goblins
  5 rats
36 creatures vanquished.
